 Dungeon Crawl Stone Soup version 0.24-a0-441-g27f0392e16 (webtiles) character file.

Game seed: 14808146183144306948

6244 KristoblXynda the Transmogrifier (level 10, -6/49 HPs)
             Began as a Felid Transmuter on June 20, 2019.
             Was a Believer of Fedhas.
             Mangled by a death yak (20 damage)
             ... on level 2 of the Lair of Beasts.
             The game lasted 00:35:47 (19598 turns).

KristoblXynda the Transmogrifier (FeTm)            Turns: 19598, Time: 00:35:48

Health: -6/49      AC:  4    Str:  8    XL:     10   Next: 62%
Magic:  7/15       EV: 20    Int: 16    God:    Fedhas [**....]
Gold:   480        SH:  0    Dex: 17    Spells: 7/15 levels left
                                        Lives:  0   Deaths: 3

rFire    . . .     SeeInvis +     - Unarmed
rCold    + . .     Gourm    .   (shield unavailable)
rNeg     . . .     Faith    .   (armour unavailable)
rPois    .         Spirit   .   (helmet unavailable)
rElec    .         Reflect  .   (cloak unavailable)
rCorr    .         Harm     .   (gloves unavailable)
MR       ++...                  (boots unavailable)
Stlth    +++++.....             (no amulet)
HPRegen  0.16/turn              p - ring of protection from magic
MPRegen  0.14/turn              u - +1 ring of protection

@: appendage, very slightly contaminated, quick
A: very small, no armour, no weapons or thrown items, stealth, claws 1, fangs 3,
horns 2, see invisible, blink, carnivore, speed 1, shaggy fur 3, slow metabolism
1, sharp paws
a: End Transformation, Blink, Fungal Bloom, Sunlight, Evolution, Renounce
Religion


You were on level 2 of the Lair of Beasts.
You worshipped Fedhas.
Fedhas was pleased with you.
You were not hungry.
You had grown temporary horns.
You visited 3 branches of the dungeon, and saw 13 of its levels.
You also visited: Ossuary.

You collected 480 gold pieces.

Inventory:

Jewellery
 p - a ring of protection from magic (left paw)
 t - a +1 ring of protection
 u - a +1 ring of protection (right paw)
Wands
 k - a wand of iceblast (9)
 q - a wand of flame (7)
Scrolls
 a - a scroll of fog
 d - 3 scrolls of immolation
 e - 5 scrolls of teleportation
 f - 6 scrolls of remove curse
 s - a scroll of magic mapping
 v - a scroll of identify
 x - a scroll of amnesia
Potions
 b - 2 potions of lignification
 g - 2 potions of mutation
 h - 2 potions of resistance
 i - 4 potions of flight
 j - 5 potions of curing
 l - a potion of cancellation
 m - 2 potions of agility
 n - 2 potions of might
 o - 2 potions of magic
 r - a potion of invisibility
Comestibles
 c - 10 rations


   Skills:
 + Level 8.8 Fighting
 - Level 5.0 Dodging
 - Level 10.1 Stealth
 + Level 9.8 Unarmed Combat
 + Level 3.3 Spellcasting
 + Level 10.2 Transmutations
 - Level 5.0 Invocations


You had 7 spell levels left.
You knew the following spells:

 Your Spells              Type           Power        Failure   Level  Hunger
a - Beastly Appendage     Tmut           #####.       1%          1    None
b - Ice Form              Ice/Tmut       ###.....     22%         4    ####...
c - Spider Form           Tmut/Pois      ###.......   7%          3    ###....

Your spell library contained the following spells:

 Spells                   Type           Power        Failure   Level  Hunger
 Sticks to Snakes         Tmut           #####...     1%          2    ##.....
 Blade Hands              Tmut           #####.....   8%          5    ######.
 Confusing Touch          Hex            #.....       19%         1    None
 Petrify                  Tmut/Erth      ###.....     22%         4    ####...
 Searing Ray              Conj           #.....       28%         2    ##.....
 Swiftness                Chrm/Air       #.......     28%         2    ##.....
 Hydra Form               Tmut           #####.....   38%         6    #######
 Confuse                  Hex            #.......     50%         3    ###....
 Gell's Gravitas          Tloc           #.........   50%         3    ###....
 Irradiate                Conj/Tmut      ###.......   52%         5    ######.
 Yara's Violent Unravell  Hex/Tmut       ###.......   52%         5    ######.
 Dragon Form              Tmut           #####.....   92%         7    #######
 Statue Form              Tmut/Erth      ###......    98%         6    #######
 Bolt of Magma            Conj/Fire/Erth #.........   99%         5    ######.
 Iskenderun's Battlesphe  Conj/Chrm      #.......     99%         5    ######.
 Metabolic Englaciation   Hex/Ice        #.........   99%         5    ######.
 Freezing Cloud           Conj/Ice/Air   #.........   100%        6    #######


Dungeon Overview and Level Annotations

Branches:
Dungeon (10/15)            Temple (1/1) D:7            Lair (2/6) D:9
    Orc (0/2) D:9
  Swamp: Lair:2-4    Shoals: Lair:2-4     Snake: Lair:2-4    Spider: Lair:2-4

Altars:
Ashenzari
Cheibriados
Dithmenos
Elyvilon
Fedhas
Gozag
Hepliaklqana
Kikubaaqudgha
Makhleb
Nemelex Xobeh
Okawaru
Qazlal
Ru
Sif Muna
Trog
Uskayaw
Vehumet
Wu Jian
Xom
Yredelemnul
Zin
The Shining One

Portals:
Trove: D:10 (give 4 scrolls of blinking)

Annotations:
D:4 2 runed translucent doors, Murumi's ghost, amateur DgTm
D:10 Sonja
Lair:1 1 runed translucent door, Huise's ghost, journeyman OpBe


Innate Abilities, Weirdness & Mutations

You cannot wear armour.
You are incapable of wielding weapons or throwing items.
Your paws allow you to move quietly. (Stealth)
You have sharp claws.
You have razor-sharp teeth.
You have supernaturally acute eyesight. (SInv)
You are carnivorous and can eat meat at any time.
You cover ground quickly.
Your thick and shaggy fur keeps you warm. (AC +3, rC+)
You have a slow metabolism.
Your sharp claws are effective at attacking unaware monsters.
You have a pair of horns on your head.
You can translocate small distances at will.


Message History

You are very lightly contaminated with residual magic.
Nothing appears to happen.
Your wandering mushroom releases spores at the death yak.
The death yak is engulfed in a cloud of spores!
You scratch the death yak.
The death yak is severely wounded.
The death yak misses you.
Your wandering mushroom releases spores at the death yak!
The death yak is engulfed in a cloud of spores!
Casting: Ice Form (slightly dangerous; 22% risk of failure)
Confirm with . or Enter, or press ? or * to list all spells.
You miscast Ice Form.
You feel a strange surge of energy! The death yak gores you!!
* * * LOW HITPOINT WARNING * * *
Your wandering mushroom barely misses the death yak.
You scratch the death yak.
The death yak is severely wounded.
The death yak gores you!!
You die...
Fedhas appreciates your contribution to the ecosystem.

.#.
#.##.......P....##
..##..............##.
#..##........##..##.
#.>###.÷.....#...+..
#..#.#.###..#...#.
#.##.###.#.#...###
#...............##
#f................
#@Y...............
#............)....
#...####..........
#..#######.....##.
#..#....#......###
#..#....##.....#.#
#.......#P.......#
.......÷..........
...#.....#.....###


You could see a death yak and a friendly wandering mushroom.

Vanquished Creatures
  A two-headed ogre (D:10)
  Pikel (D:6)
  A centaur zombie (D:10)
  A black mamba (Lair:1)
  3 spiny frogs (Lair:1)
  3 komodo dragons
  2 trolls (D:9)
  Prince Ribbit (D:6)
  Sigmund (D:2)
  2 wyverns
  5 yaks
  A basilisk (Lair:2)
  Menkaure (D:6)
  3 water moccasins
  Duvessa (D:4)
  2 porcupines (Lair:2)
  A floating eye (D:10)
  A swamp drake (D:9)
  4 orc warriors
  2 ice beasts
  A black bear (D:7)
  A sky beast (D:7)
  4 ogres
  A slave (D:6)
  An eye of draining (D:10)
  A necrophage (D:8)
  A phantom (D:7)
  3 wolves (D:9)
  2 centaurs
  9 bullfrogs
  A wyvern zombie (D:6)
  A wyvern skeleton (D:9)
  Dowan (D:4)
  7 scorpions
  7 killer bees
  9 wights (D:8)
  3 howler monkeys
  2 crimson imps
  A quasit (D:9)
  5 hounds
  2 jellies
  A human zombie (Ossuary)
  2 orc priests
  A centaur skeleton (D:4)
  Jessica (D:2)
  2 bullfrog skeletons
  6 worker ants
  5 orc wizards
  An iguana (D:4)
  Terence (D:3)
  A big kobold zombie (Ossuary)
  A hound zombie (D:8)
  A hound skeleton (D:7)
  4 mummies (Ossuary)
  A howler monkey zombie (D:9)
  A worker ant zombie (D:10)
  2 river rats (D:9)
  3 adders
  A shadow imp (D:7)
  An adder zombie (D:9)
  2 worms
  3 dart slugs
  5 leopard geckos
  24 orcs
  2 giant cockroaches
  6 goblins
  4 hobgoblins
  9 jackals
  3 kobolds (D:1)
  5 quokkas
  A ball python skeleton (D:5)
  8 bats
  9 frilled lizards
  A gnoll zombie (Ossuary)
  2 hobgoblin zombies (Ossuary)
  3 kobold zombies (Ossuary)
  A leopard gecko skeleton (D:7)
  8 rats
232 creatures vanquished.

Vanquished Creatures (collateral kills)
  A black mamba (Lair:2)
  5 yaks
  A basilisk (Lair:2)
  A crocodile (Lair:1)
  An orc (D:9)
9 creatures vanquished.

Vanquished Creatures (others)
  2 wandering mushrooms
  An orc wizard (D:9)
  A giant cockroach (D:1)
  135 toadstools
139 creatures vanquished.

Grand Total: 380 creatures vanquished

Notes
Turn   | Place    | Note
-------+----------+-------------------------------------------
     0 | D:1      | KristoblXynda the Felid Transmuter began the quest for the
                  | Orb.
     0 | D:1      | Reached XP level 1. HP: 9/9 MP: 4/4
   116 | D:1      | Reached skill level 1 in Stealth
   261 | D:1      | Reached XP level 2. HP: 12/12 MP: 6/6
   963 | D:1      | Learned a level 2 spell: Sticks to Snakes
  1204 | D:1      | Reached XP level 3. HP: 13/15 MP: 7/7
  1209 | D:1      | Learned a level 3 spell: Spider Form
  1709 | D:2      | Found a faded altar of an unknown god.
  2219 | D:2      | Found a bloodstained altar of Trog.
  2450 | D:2      | Noticed Jessica
  2451 | D:2      | Noticed Sigmund
  2463 | D:2      | Killed Jessica
  2463 | D:2      | Reached XP level 4. HP: 15/19 MP: 6/8
  3081 | D:2      | Killed from afar by Sigmund
  3082 | D:2      | Reached XP level 3. HP: -4/15 MP: 5/7
  3234 | D:2      | Killed Sigmund
  3234 | D:2      | Reached XP level 4. HP: 11/19 MP: 5/8
  3234 | D:2      | Reached XP level 5. HP: 13/22 MP: 5/9
  3957 | D:3      | Noticed Terence
  3967 | D:3      | Killed Terence
  4118 | D:4      | Found a sand-covered staircase.
  4130 | Ossuary  | Entered an ossuary
  4417 | Ossuary  | Gained mutation: You are covered in thick fur. (AC +2)
                  | [Felid growth]
  4417 | Ossuary  | Reached XP level 6. HP: 25/25 MP: 3/10
  4692 | Ossuary  | Reached skill level 5 in Dodging
  5458 | D:4      | Reached skill level 5 in Stealth
  5604 | D:4      | Learned a level 4 spell: Ice Form
  5633 | D:4      | Found a deep blue altar of Sif Muna.
  5637 | D:4      | Found an iron altar of Okawaru.
  5642 | D:4      | Found a shadowy altar of Dithmenos.
  5971 | D:4      | Noticed Duvessa
  5973 | D:4      | Noticed Dowan
  6030 | D:4      | Killed Dowan
  6060 | D:4      | Found a large runed translucent door.
  6060 | D:4      | Found a large runed translucent door.
  6060 | D:4      | Noticed Murumi's ghost (amateur DgTm)
  6200 | D:4      | Killed Duvessa
  6200 | D:4      | Reached skill level 5 in Unarmed Combat
  6200 | D:4      | Reached XP level 7. HP: 12/30 MP: 9/11
  6416 | D:5      | Entered Level 5 of the Dungeon
  6706 | D:5      | Found a sacrificial altar of Ru.
  6759 | D:5      | Found a white marble altar of Elyvilon.
  6814 | D:5      | Found a burning altar of Makhleb.
  7122 | D:6      | Noticed Menkaure
  7138 | D:6      | Killed Menkaure
  7138 | D:6      | Reached skill level 5 in Transmutations
  7349 | D:6      | Slain by a wyvern zombie
  7350 | D:6      | Reached XP level 6. HP: -5/28 MP: 8/10
  7368 | D:6      | Reached XP level 7. HP: 31/31 MP: 11/11
  7832 | D:6      | Found a stormy altar of Qazlal.
  8325 | D:6      | Noticed Pikel
  8567 | D:6      | Killed Pikel
  8567 | D:6      | Reached XP level 8. HP: 32/36 MP: 6/12
  8832 | D:6      | Noticed Prince Ribbit
  8865 | D:6      | Killed Prince Ribbit
  8865 | D:6      | Reached skill level 5 in Fighting
  9033 | D:7      | Found a staircase to the Ecumenical Temple.
  9043 | Temple   | Entered the Ecumenical Temple
  9275 | Temple   | Became a worshipper of Fedhas Madash
  9320 | D:7      | Identified the Grimoire of Flying Conjuration
  9724 | D:7      | Reached XP level 9. HP: 32/40 MP: 8/13
 10514 | D:8      | Found a hide-covered altar of Uskayaw.
 10670 | D:8      | Reached * piety under Fedhas
 11517 | D:8      | Reached skill level 10 in Stealth
 11624 | D:8      | Gained mutation: You are clumsy. (Dex -2) [mutagenic glow]
 11686 | D:8      | Gained mutation: Potions are less effective at restoring
                  | your health. [mutagenic glow]
 11825 | D:8      | Lost mutation: You are clumsy. (Dex -2) [potion of
                  | mutation]
 11825 | D:8      | Lost mutation: Potions are less effective at restoring your
                  | health. [potion of mutation]
 11825 | D:8      | Gained mutation: You can translocate small distances at
                  | will. [potion of mutation]
 11825 | D:8      | Gained mutation: Your thick and shaggy fur keeps you warm.
                  | (AC +3, rC+) [potion of mutation]
 11936 | D:8      | Found a shimmering altar of Xom.
 12233 | D:8      | Reached skill level 1 in Invocations
 12483 | D:9      | Found a staircase to the Lair.
 12744 | D:9      | Reached XP level 10. HP: 44/46 MP: 11/14
 12849 | D:9      | Found an ornate altar of the Wu Jian Council.
 15304 | D:9      | Found a staircase to the Orcish Mines.
 15332 | D:9      | Reached ** piety under Fedhas
 15855 | D:10     | Entered Level 10 of the Dungeon
 15856 | D:10     | Found an ancient bone altar of Kikubaaqudgha.
 16195 | D:10     | Noticed Sonja
 16324 | D:10     | Found a portal to a secret trove of treasure.
 16578 | D:10     | Noticed a two-headed ogre
 16584 | D:10     | Noticed a two-headed ogre
 16599 | D:10     | Killed a two-headed ogre
 16635 | D:10     | a two-headed ogre changed into a floating eye
 16642 | D:10     | Paralysed by a floating eye for 4 turns
 17116 | D:10     | Noticed a purple ugly thing
 17283 | Lair:1   | Entered Level 1 of the Lair of Beasts
 17406 | Lair:1   | Noticed a black mamba
 17420 | Lair:1   | Killed a black mamba
 17499 | Lair:1   | Found a runed translucent door.
 17502 | Lair:1   | Noticed Huise's ghost (journeyman OpBe)
 17659 | Lair:1   | Reached XP level 11. HP: 40/51 MP: 3/15
 17999 | Lair:1   | Reached skill level 5 in Invocations
 18951 | Lair:2   | Reached skill level 10 in Transmutations
 19031 | Lair:2   | Mangled by a black mamba
 19032 | Lair:2   | Reached XP level 10. HP: -6/49 MP: 15/15
 19045 | Lair:2   | Killed a black mamba
 19572 | Lair:2   | Noticed a death yak
 19598 | Lair:2   | Mangled by a death yak

Levels and vault maps discovered:
D:1:      shiori_arrival_oz, layout_basic
D:2:      layout_basic, bloody_trog, chequers_ecumenical_altar_simple_redux,
          uniq_jessica, uniq_sigmund
D:3:      layout_basic, first_ration, uniq_terence
D:4:      layout_basic, minitemple, nicolae_ossuary_entry_ruins,
          ebering_ghost_disaster_area, uniq_duvessa
D:5:      layout_basic, lemuel_round_altar, elyvilon_altar_1, basic_altar
D:6:      layout_loops_corners, nicolae_qazlal_eye_of_the_storm, uniq_menkaure,
          uniq_prince_ribbit1, uniq_pikel
D:7:      layout_basic, minmay_temple_entry_hall
D:8:      layout_loops_corners, kennysheep_little_box, basic_altar
D:9:      layout_stronghold, nicolae_overflow_crystal_walls, erik_lair_island,
          erik_orc_1, serial_glass, glass_columns_a, glass_columns_b
D:10:     layout_rooms, basic_altar, enter_trove_3, uniq_sonja
Temple:   nicolae_temple_figure_eight
Lair:1:   layout_concentric_octagons, gammafunk_ghost_grave,
          chequers_serial_rivers_micro_c
Lair:2:   layout_regular_city, swamp_mist, st_stairs_7

Skill      XL: |  1  2  3  4  5  6  7  8  9 10 11 |
---------------+----------------------------------+-----
Stealth        | 1 4 5 8 9 10 | 10.1
Dodging        | 3 4 5 |  5.0
Transmutations | 3 4 6 7 8 9 10 | 10.2
Unarmed Combat | 4 5 6 7 8 9 |  9.8
Fighting       | 2 4 5 6 8 |  8.8
Invocations    | 1 4 5 |  5.0
Spellcasting   | 3 |  3.3

Action                   |  1- 3 |  4- 6 |  7- 9 | 10-12 || total
-------------------------+-------+-------+-------+-------++-------
Melee: Unarmed           |   115 |   170 |   311 |   299 ||   895
       Bite              |     6 |    16 |    10 |     6 ||    38
       Headbutt          |     5 |       |       |     1 ||     6
       Punch             |     1 |     2 |     2 |     3 ||     8
 Cast: Beastly Appendage |     6 |       |       |     2 ||     8
       Spider Form       |     1 |    10 |    23 |    14 ||    48
       Ice Form          |       |       |     2 |    11 ||    13
Invok: Fungal Bloom      |       |       |    13 |    29 ||    42
       Evolution         |       |       |       |     3 ||     3
       Sunlight          |       |       |       |     1 ||     1
Evoke: Wand              |       |       |    13 |    17 ||    30
  Use: Scroll            |     4 |     9 |     7 |     4 ||    24
       Potion            |       |     3 |     3 |    13 ||    19
 Stab: Sleeping          |     6 |     6 |    21 |    14 ||    47
  Eat: Chunk             |    10 |    11 |     9 |     9 ||    39
       Ration            |       |       |     1 |     5 ||     6
Armor: Skin              |    10 |     5 |    15 |    51 ||    81
Dodge: Dodged            |    73 |   132 |   243 |   222 ||   670

Table legend:
 A = Non-vault XP
 B = Vault XP
 C = Vault XP percentage of total XP
 D = Non-vault monster count
 E = Vault monster count
 F = Vault count percentage of total count
                 A         B        C        D         E       F
            +---------+---------+-------+---------+---------+-------
      Total |   13678 |    3113 |  18.5 |     197 |      44 |  18.3
            +---------+---------+-------+---------+---------+-------
        D:1 |      46 |       2 |   4.2 |      27 |       1 |   3.6
        D:2 |      28 |     275 |  90.8 |      12 |       2 |  14.3
        D:3 |      27 |      32 |  54.2 |      13 |       1 |   7.1
        D:4 |     156 |     221 |  58.6 |       6 |       2 |  25.0
        D:5 |     293 |       0 |   0.0 |       9 |       0 |   0.0
        D:6 |     944 |    1128 |  54.4 |      15 |       3 |  16.7
        D:7 |     851 |       0 |   0.0 |      18 |       0 |   0.0
        D:8 |    1737 |       0 |   0.0 |      28 |       0 |   0.0
        D:9 |    1762 |    1309 |  42.6 |      25 |      23 |  47.9
       D:10 |    2175 |       0 |   0.0 |      19 |       0 |   0.0
     Lair:1 |    2755 |       0 |   0.0 |      11 |       0 |   0.0
     Lair:2 |    2904 |       0 |   0.0 |      14 |       0 |   0.0
    Ossuary |       0 |     146 | 100.0 |       0 |      12 | 100.0
            +---------+---------+-------+---------+---------+-------
